 Dungeon Crawl Stone Soup version 0.29-a0-542-g075992c915 (webtiles) character file.

Game seed: 15272654018743130888

33 oldriver the Skirmisher (level 3, 0/31 HPs)
             Began as a Palentonga Delver on June 4, 2022.
             Succumbed to Crazy Yiuf's poison
             ... on level 2 of the Dungeon.
             The game lasted 00:01:53 (1521 turns).

oldriver the Skirmisher (Palentonga Delver)         Turns: 1521, Time: 00:01:53

Health: 0/31       AC:  7    Str: 14 (17) XL:     3   Next: 12%
Magic:  12/12      EV: 14    Int: 14 (16) God:
Gold:   116        SH:  3    Dex:  8 (11) Spells: 2/2 levels left

rFire   . . .      SeeInvis +   a - +0 hand axe
rCold   . . .      Faith    .   o - +0 buckler
rNeg    . . .      Spirit   .   b - +0 leather armour
rPois   .          Reflect  .   (no helmet)
rElec   .          Harm     .   (no cloak)
rCorr   .          Rampage  .   s - +2 pair of gloves
Will    .....                   (no barding)
Stlth   ++........              (no amulet)
HPRegen 0.10/turn               n - ring of magical power
MPRegen 0.13/turn               i - +6 ring of intelligence

@: agile, lethally poisoned (0 -> -5), invisible
A: large, rugged brown scales 3, see invisible, deformed body, roll 1, armoured
tail
a: Rolling Charge


You were on level 2 of the Dungeon.
You visited 1 branch of the dungeon, and saw 5 of its levels.

You collected 116 gold pieces.

Inventory:

Hand Weapons
 a - a +0 hand axe (weapon)
Armour
 b - a +0 leather armour (worn)
 o - a +0 buckler (worn)
 s - a +2 pair of gloves (worn)
Jewellery
 i - a +6 ring of intelligence (right hand)
 n - a ring of magical power (left hand)
 r - a ring of ice
Wands
 g - a wand of digging (3)
Scrolls
 c - a scroll of fog
 d - a scroll of magic mapping
 e - a scroll of fear
 h - 4 scrolls of identify {unknown}
 l - a scroll of amnesia {unknown}
 m - a scroll of summoning {unknown}
 p - a scroll of brand weapon {unknown}
 q - a scroll of enchant weapon {unknown}
 t - a scroll of noise {unknown}
Potions
 f - a potion of haste


   Skills:
 + Level 3.5 Fighting
 + Level 2.7 Axes
 - Level 0.1 Armour
 - Level 1.5 Dodging
 - Level 3.3 Stealth
 + Level 0.6 Shields


You had 2 spell levels left.
You didn't know any spells.
Your spell library contained the following spells:

 Spells                   Type           Power      Damage    Failure   Level
 Apportation              Tloc           0%         N/A       43%         1
 Shock                    Conj/Air       0%         1d3       43%         1
 Swiftness                Air            0%         N/A       80%         3
 Airstrike                Air            0%         N/A       99%         4
 Alistair's Intoxication  Tmut/Pois      0%         N/A       100%        5


Dungeon Overview and Level Annotations

Branches:
Dungeon (5/15)
 Temple: D:4-7

Altars:


Innate Abilities, Weirdness & Mutations

You are completely covered in rugged brown scales. (AC +3, +7% HP)
You have supernaturally acute eyesight. (SInv)
Armour fits poorly on your strangely shaped body.
You can roll at nearby foes to attack.
You have a long armoured tail.


Message History

It was a potion of degeneration.
There was something very wrong with that liquid.
You feel weakened.
You feel dopey.
You feel clumsy.
* * * LOW HITPOINT WARNING * * *
You feel very sick.
Crazy Yiuf hits you with a +2 quarterstaff of chaos.
* * * LOW HITPOINT WARNING * * *
You feel agile all of a sudden.
It was a potion of heal wounds.
You feel much better.
You feel very sick.
Crazy Yiuf cries, "Adder spinner ladder!"
Crazy Yiuf hits you with a +2 quarterstaff of chaos.
You are electrocuted!
Unknown command.
You hit Crazy Yiuf but do no damage.
Crazy Yiuf is moderately wounded.
* * * LOW HITPOINT WARNING * * *
You feel very sick.
Crazy Yiuf hits you with a +2 quarterstaff of chaos.
* * * LOW HITPOINT WARNING * * *
You fade into invisibility!
You hit Crazy Yiuf.
Crazy Yiuf is severely wounded.
* * * LOW HITPOINT WARNING * * *
You feel very sick. Crazy Yiuf barely misses you.
Unknown command.
You hit Crazy Yiuf.
Crazy Yiuf is severely wounded.
* * * LOW HITPOINT WARNING * * *
You feel sick.
Unknown command.
Okay, then.
Roll where?
Press: ? - help, Q - select action Dir - move target, f - Crazy Yiuf
Aim: Crazy Yiuf, wielding a +2 quarterstaff of chaos and wearing a +0 cloak (severely wounded, wandering, can't see you, hasn't noticed you)
You roll forward with a clatter of scales!
You hit Crazy Yiuf.
You kill Crazy Yiuf!
You die...

# #.....# #
#.....# #
#...###
##### #####
#..)# #...#
#)..# # #@#
# ♣♣○♣ #
##########
♣.♣♣
###........#
♣♣.♣
##.........#
♣.♣♣
##.........#
♣♣.♣♣
##.........#
♣...♣♣
...........#
♣.PPP♣
#..<..^....#
#....#


There were no monsters in sight!

Vanquished Creatures
  Crazy Yiuf (D:2)
  A dart slug (D:2)
  3 ball pythons
  9 endoplasms
  6 hobgoblins
  3 kobolds
  A quokka (D:2)
  A bat (D:2)
  A goblin (D:1)
  A rat (D:2)
27 creatures vanquished.

Notes
Turn   | Place    | Note
-------+----------+-------------------------------------------
     0 | D:5      | oldriver the Palentonga Delver began the quest for the Orb.
     0 | D:5      | Reached XP level 1. HP: 19/19 MP: 1/1
    11 | D:4      | Noticed an orc wizard
   177 | D:2      | Found a runed translucent door.
   178 | D:2      | Noticed Crazy Yiuf
   275 | D:2      | Found a faded altar of an unknown god.
   607 | D:2      | Reached XP level 2. HP: 25/25 MP: 2/2
  1173 | D:1      | You fall into a shaft and drop 1 floor!
  1218 | D:2      | Reached XP level 3. HP: 31/31 MP: 3/3
  1516 | D:2      | HP: 1/31 [Crazy Yiuf/+2 quarterstaff of chaos (2)]
  1521 | D:2      | Killed Crazy Yiuf
  1521 | D:2      | Succumbed to Crazy Yiuf's poison

Illustrated notes

Levels and vault maps discovered:
D:1:      dpeg_arrival_castle, layout_rooms
D:2:      layout_basic, shapermc_ecumenical_altar_hornbeckon,
          uniq_crazy_yiuf_cottage
D:3:      layout_rooms, minmay_lizard_king
D:4:      layout_layer_cave, mainiacjoe_overflow_paths, gammafunk_ghost_cemetery
D:5:      minmay_octagon_keep, layout_basic, mainiacjoe_overflow_alcove_1,
          uniq_prince_ribbit1

Action                   || total
-------------------------++-------
Melee: Hand axe          ||    76
       Tailslap          ||     9
 Abil: Rolling Charge    ||    17
  Use: Potion            ||     2
 Stab: Sleeping          ||     1
Armor: Leather armour    ||    15
Dodge: Dodged            ||    31
Block: Buckler           ||     3

Table legend: (Time is in decaauts)
 A = Elapsed time spent in this place.
 B = Non-inter-level travel time spent in this place.
 C = Inter-level travel time spent in this place.
 D = Time resting spent in this place.
 E = Time spent auto-exploring this place.
 F = Levels seen in this place.
 G = Mean time per level.
                   A        B        C        D        E       F      G
               +--------+--------+--------+--------+--------+-----+--------+
         Total |   1544 |   1544 |      0 |     88 |   1163 |   5 |  308.8 |
       Dungeon |   1544 |   1544 |      0 |     88 |   1163 |   5 |  308.8 |
               +--------+--------+--------+--------+--------+-----+--------+

Top non-repeatable levels by time:
     D:2: 991 daAuts
     D:1: 497 daAuts
     D:3: 37 daAuts
     D:4: 12 daAuts
     D:5: 5 daAuts
